 Dungeon Crawl Stone Soup version 0.30-a0-989-g0d87f670db (webtiles) character file.

Game seed: 8636880486037662376

8 DeathPants the Sneak (level 2, 0/16 HPs)
             Began as a Vine Stalker Delver on Apr 3, 2023.
             Succumbed to a scorpion's poison
             ... on level 5 of the Dungeon.
             The game lasted 00:00:19 (44 turns).

DeathPants the Sneak (Vine Stalker Delver)            Turns: 44, Time: 00:00:20

Health: 0/16       AC:  3    Str: 14    XL:     2   Next: 8%
Magic:  1/3        EV: 11    Int: 10    God:
Gold:   0          SH:  0    Dex: 15    Spells: 1/1 levels left

rFire   . . .      SeeInvis .    a - +0 falchion
rCold   . . .      Faith    .    (no shield)
rNeg    . . .      Spirit   +    b - +0 leather armour
rPois   .          Reflect  .    (no helmet)
rElec   .          Rampage  .    (no cloak)
rCorr   .                        (no gloves)
Will    .....                    (no boots)
Stlth   +++                      (no amulet)
HPRegen 0.22/turn                (no ring)
MPRegen 0.08/turn                (no ring)

@: lethally poisoned (0 -> -8), hasted, very quick
A: fangs 2, magic shield, antimagic bite, no potion heal 2
a: no special abilities


You were on level 5 of the Dungeon.
You visited 1 branch of the dungeon, and saw 2 of its levels.

Inventory:

Hand Weapons
 a - a +0 falchion (weapon)
Armour
 b - a +0 leather armour (worn)
Wands
 g - a wand of digging (3)
Scrolls
 c - a scroll of fog
 d - a scroll of magic mapping
 e - a scroll of fear


   Skills:
 + Level 2.8 Fighting
 + Level 2.0 Long Blades
 + Level 1.7 Dodging
 + Level 6.1 Stealth


You had one spell level left.
You didn't know any spells.
Your spell library was empty.

Dungeon Overview and Level Annotations

Branches:
Dungeon (6/15)
 Temple: D:4-7

Altars:


Innate Abilities, Weirdness & Mutations

You have extremely sharp teeth.
When hurt, damage is shared between your health and your magic reserves.
Your bite disrupts and absorbs the magic of your enemies.
Potions cannot restore your health.


Message History

You hit the shadow imp but do no damage.
You bite the shadow imp.
The shadow imp's magic leaks into the air.
You drain its magic.
The shadow imp is moderately wounded.
The shadow imp closely misses you.
You hit the shadow imp. Your bite misses the shadow imp.
The shadow imp is almost dead.
The shadow imp barely misses you.
You feel yourself speed up.
The shadow imp hits you but does no damage.
You closely miss the shadow imp.
The shadow imp is almost dead.
The shadow imp hits you.
You hit the shadow imp.
You kill the shadow imp!
Your Long Blades skill increases to level 2!
You have reached level 2!
You hit the scorpion but do no damage. Your bite misses the scorpion.
The scorpion closely misses you.
You completely miss the scorpion. The scorpion stings you.
You barely miss the scorpion. Your bite misses the scorpion.
The scorpion barely misses you.
You closely miss the scorpion. Your bite misses the scorpion.
The scorpion stings you.
You are lethally poisoned!
The scorpion poisons you!
You hit the scorpion but do no damage.
You bite the scorpion, but do no damage.
You feel very sick. The scorpion stings you.
* * * LOW HITPOINT WARNING * * *
You hit the scorpion but do no damage.
* * * LOW HITPOINT WARNING * * *
You feel very sick. The scorpion barely misses you.
You hit the scorpion but do no damage. You bite the scorpion.
You drain its power.
You feel invigorated.
The scorpion is lightly wounded.
You die...

#.#.##.##.##.....
#. ##.#.##.# #..#
#..##.# ..
#.#.##.. .
#.##.#### #.# #.#
#. #.# # #.# #@#
#s# #.# #.# #.#
#.# #.# #..


You could see a scorpion.

Vanquished Creatures
  A shadow imp (D:5)
1 creature vanquished.

Notes
Turn   | Place    | Note
-------+----------+-------------------------------------------
     0 | D:5      | DeathPants the Vine Stalker Delver began the quest for the
                  | Orb.
     0 | D:5      | Reached XP level 1. HP: 11/11 MP: 2/2
    31 | D:5      | Noticed a scorpion
    38 | D:5      | Reached XP level 2. HP: 13/16 MP: 1/3
    44 | D:5      | Succumbed to a scorpion's poison

Illustrated notes

Levels and vault maps discovered:
D:5:      layout_loops_ring, minmay_temple_entry_enclosed_plants,
          portal_sewer_entry_f, hangedman_decor_peaks_small,
          nicolae_underground_beach, uniq_pikel
D:6:      layout_cave_pools, xom_butterflies, nicolae_hepliaklqana_hippocampus,
          nicolae_overflow_crystal_walls, mainiacjoe_overflow_big_doors,
          kennysheep_mini_moat, fedhas_altar_decomposition, uniq_maggie

Skill      XL: |  1 |
---------------+----+-----
Long Blades    | 2 |  2.0
Fighting       | |  2.8
Dodging        | |  1.7
Stealth        | |  6.1

Action                     || total
---------------------------++-------
  Melee: Falchion          ||    11
         Bite              ||     3
    Use: Potion            ||     1
   Stab: Sleeping          ||     1
 Armour: Leather armour    ||     1
  Dodge: Dodged            ||     5

Table legend: (Time is in decaauts)
 A = Elapsed time spent in this place.
 B = Non-inter-level travel time spent in this place.
 C = Inter-level travel time spent in this place.
 D = Time resting spent in this place.
 E = Time spent auto-exploring this place.
 F = Levels seen in this place.
 G = Mean time per level.
                   A        B        C        D        E       F      G
               +--------+--------+--------+--------+--------+-----+--------+
         Total |     43 |     43 |      0 |      0 |      3 |   2 |   21.5 |
       Dungeon |     43 |     43 |      0 |      0 |      3 |   2 |   21.5 |
               +--------+--------+--------+--------+--------+-----+--------+

Top non-repeatable levels by time:
     D:5: 27 daAuts
     D:6: 15 daAuts
